 Dungeon Crawl Stone Soup version 0.21.1-1-g345015f (webtiles) character file.

32 Miyamura the Ducker (level 3, -2/52 HPs)
             Began as a Gnoll Monk on Feb 15, 2018.
             Slain by a goblin (3 damage)
             ... led by Robin
             ... on level 1 of the Dungeon.
             The game lasted 00:01:10 (1085 turns).

Miyamura the Ducker (Gnoll Monk)                    Turns: 1085, Time: 00:01:11

Health: -2/52      AC:  2    Str: 18    XL:     3   Next: 25%
Magic:  3/3        EV: 16    Int: 13    God:
Gold:   42         SH:  0    Dex: 17    Spells: 3/3 levels left

rFire    . . .     SeeInvis .   a - +0 spear
rCold    . . .     Gourm    .   (no shield)
rNeg     . . .     Faith    .   b - +0 robe
rPois    .         Spirit   .   (no helmet)
rElec    .         Reflect  .   (no cloak)
rCorr    .         Harm     .   (no gloves)
MR       .....                  (no boots)
Stlth    ..........             (no amulet)
HPRegen  0.17/turn              (no ring)
MPRegen  0.08/turn              (no ring)

@: berserking, very quick
A: distributed training, fangs 1, strong nose
a: no special abilities


You were on level 1 of the Dungeon.
You were hungry.

You visited 1 branch of the dungeon, and saw 2 of its levels.

You collected 42 gold pieces.

Inventory:

Hand Weapons
 a - a +0 spear (weapon)
Missiles
 e - 64 stones (quivered)
Armour
 b - a +0 robe (worn)
Potions
 f - a potion of might {unknown}
 i - a potion of agility {unknown}
Comestibles
 c - 3 rations
 d - 2 chunks of flesh


   Skills:
 + Level 6.5 Fighting
 + Level 0.6 Short Blades
 + Level 0.6 Long Blades
 + Level 0.6 Axes
 + Level 0.6 Maces & Flails
 + Level 6.5 Polearms
 + Level 0.6 Staves
 + Level 0.6 Slings
 + Level 0.6 Bows
 + Level 0.6 Crossbows
 + Level 0.6 Throwing
 + Level 0.6 Armour
 + Level 6.5 Dodging
 + Level 4.1 Stealth
 + Level 0.6 Shields
 + Level 0.6 Unarmed Combat
 + Level 0.6 Spellcasting
 + Level 0.4 Conjurations
 + Level 0.4 Hexes
 + Level 0.4 Charms
 + Level 0.4 Summonings
 + Level 0.4 Necromancy
 + Level 0.4 Translocations
 + Level 0.4 Transmutations
 + Level 0.4 Fire Magic
 + Level 0.4 Ice Magic
 + Level 0.4 Air Magic
 + Level 0.4 Earth Magic
 + Level 0.4 Poison Magic
 + Level 0.8 Invocations
 + Level 0.6 Evocations


You had 3 spell levels left.
You didn't know any spells.

Dungeon Overview and Level Annotations

Branches:
Dungeon (2/15)

Altars:

Annotations:
D:1 Robin


Innate Abilities, Weirdness & Mutations

Your experience applies equally to all skills.
You have very sharp teeth.
Your uncanny sense of smell can sniff out nearby items.


Message History

The hobgoblin barely misses you. The hobgoblin misses you. The goblin hits you.
Robin throws the goblin at you!
You climb upwards.
You are feeling hungry.
There is a stone staircase leading down here.
As you read the scroll labeled VEUSHR OMIUZXOVIR, it crumbles to dust.
You feel blessed for a moment.
It was a scroll of remove curse.
The hobgoblin closely misses you. The hobgoblin hits you! The goblin hits you.
Robin hits you with an enchanted club.
It was a potion of berserk rage.
A red film seems to cover your vision as you go berserk!
You feel yourself moving faster!
You feel mighty! The hobgoblin hits you. x2
The goblin misses you.
You hit Robin.
Robin is lightly wounded.
Robin hits you with an enchanted club.
You puncture Robin! You bite Robin.
Robin is almost dead.
The hobgoblin closely misses you. The hobgoblin hits you. The goblin hits you.
You die...

..........#.#.##.####.#######....
......###+#.#..#..........# #....
####........##.#..........# #....
#.#......##.#..........###....
#.#......##...................
#.#......###..................
#.#..#+#.# #.......).#........
####.##.#.#.# #gg########........
.....##.#.#.# #g@# #........
#######'#.#.####g########........
.#......'.#..........##..........
.#.####+#.#..........##.#........
.#.#..#.#.#..........##.#........
.#.+.<'.#.#..........##.#........
.#.#..#.#.........)..##.#........
.#.####.########.######.#...)....
.#......# #.# #.#........


You could see Robin, 2 hobgoblins and a goblin.

Vanquished Creatures
  A dart slug (D:1)
  2 leopard geckos (D:1)
  A giant cockroach (D:1)
  7 goblins
  7 kobolds (D:1)
  A ball python (D:1)
  2 bats (D:1)
  3 frilled lizards (D:1)
  4 rats (D:1)
28 creatures vanquished.

Notes
Turn   | Place    | Note
-------+----------+-------------------------------------------
     0 | D:1      | Miyamura the Gnoll Monk began the quest for the Orb.
     0 | D:1      | Reached XP level 1. HP: 23/23 MP: 1/1
    97 | D:1      | Reached XP level 2. HP: 29/29 MP: 2/2
   810 | D:1      | Reached XP level 3. HP: 35/35 MP: 3/3
  1069 | D:2      | Noticed Robin
  1085 | D:1      | HP: 1/52 [hobgoblin[Robin] (6)]
  1085 | D:1      | Slain by a goblin

Action                   || total
-------------------------++-------
Melee: Spear             ||    69
       Bite              ||     5
  Use: Scroll            ||     1
       Potion            ||     1
 Stab: Sleeping          ||    10
Armor: Robe              ||     4
Dodge: Dodged            ||    23
